 Dungeon Crawl Stone Soup version 0.31-a0-232-gb1c03b2570 (webtiles) character file.

Game seed: 11005556409002407798

1942 sanka the Destroyer (level 8, -2/66 HPs)
             Began as a Demigod Conjurer on July 7, 2023.
             Slain by a killer bee (6 damage)
             ... on level 6 of the Dungeon.
             The game lasted 00:18:04 (7211 turns).

sanka the Destroyer (Demigod Conjurer)              Turns: 7211, Time: 00:18:05

Health: -2/66      AC:  8    Str:  8    XL:     8   Next: 66%
Magic:  6/19       EV: 11    Int: 37    God:
Gold:   449        SH:  0    Dex: 12    Spells: 6/17 levels left

rFire   . . .        H - +2 whip (elec)
rCold   + . .        (no shield)
rNeg    . . .        I - +0 leather armour of the Farmer {Will++ Slay+2}
rPois   .            e - +1 helmet of Amorality {Int+3}
rElec   .            (no cloak)
rCorr   .            s - +0 pair of gloves
SInv    .            t - +1 pair of boots {Fly}
Will    ++...        (no amulet)
Stlth   ++           f - ring of protection from cold
HPRegen 0.31/turn    D - +6 ring of intelligence
MPRegen 0.16/turn

%: no passive effects
@: lethally poisoned (-2 -> -6), flying, slowed, very slow
A: high MP 1, forlorn, divine attributes
a: no special abilities


You were on level 6 of the Dungeon.
You visited 1 branch of the dungeon, and saw 6 of its levels.
You also visited: Sewer and Ossuary.

You collected 449 gold pieces.


Innate Abilities, Weirdness & Mutations

You have an increased reservoir of magic. (+10% MP)
You shall have no god before yourself.
Your divine heritage dramatically boosts your attributes as you level up.


   Skills:
 - Level 4.0 Fighting
 - Level 1.7 Dodging
 - Level 1.7 Stealth
 - Level 5.0 Spellcasting
 + Level 9.2 Conjurations


You had 6 spell levels left.
You knew the following spells:

 Your Spells              Type           Power      Damage    Failure   Level
c - Iskenderun's Mystic   Conj/Tloc      43%        2d10      8%          4
x - Searing Ray           Conj           100%       2d8       1%          2
z - Magic Dart            Conj           100%       1d8       1%          1
Z - Fulminant Prism       Conj/Hex       21%        3d12      8%          4

Your spell library contained the following spells:

 Spells                   Type           Power      Damage    Failure   Level
 Static Discharge         Conj/Air       86%        2-6/arc   1%          2
 Dazzling Flash           Conj/Hex       86%        N/A       2%          3
 Beastly Appendage        Tmut           18%        N/A       5%          1
 Sublimation of Blood     Necr           9%         N/A       8%          2
 Wereblood                Tmut           9%         N/A       8%          2
 Flame Wave               Conj/Fire      43%        2d11      8%          4
 Sticky Flame             Conj/Fire      43%        2d6       8%          4
 Inner Flame              Hex/Fire       9%         N/A       16%         3
 Portal Projectile        Hex/Tloc       18%        N/A       16%         3
 Spider Form              Tmut/Pois      9%         N/A       16%         3
 Tukima's Dance           Hex            9%         N/A       16%         3
 Airstrike                Air            4%         2d(1-17)  45%         4
 Summon Lightning Spire   Summ/Air       9%         N/A       45%         4
 Blade Hands              Tmut           4%         N/A       82%         5
 Summon Hydra             Summ           4%         N/A       100%        7

Inventory:

Hand Weapons
 u - a +2 mace of protection
 H - a +2 whip of electrocution (weapon)
Armour
 a - a +0 robe
 e - the +1 helmet of Amorality (worn) {Int+3}

   Int:       It affects your intelligence (+3).
 s - a +0 pair of gloves (worn)
 t - a +1 pair of boots of flying (worn)
 v - a +0 helmet
 I - the +0 leather armour of the Farmer (worn) {Will++ Slay+2}

   Slay:      It affects your accuracy & damage with ranged weapons and melee
   (+2).
   Will:      It greatly increases your willpower.
Magical Staves
 c - a staff of earth
Jewellery
 f - a ring of protection from cold (left hand)
 D - a +6 ring of intelligence (right hand)
Wands
 n - a wand of paralysis (31)
 x - a wand of acid (5)
 A - a wand of flame (3)
 G - a wand of iceblast (3)
Scrolls
 d - 4 scrolls of enchant armour
 h - 2 scrolls of vulnerability {!r}
 j - 3 scrolls of teleportation {@r4}
 q - 3 scrolls of blinking
 w - a scroll of fog
 y - a scroll of enchant weapon
 C - a scroll of noise {!r}
 E - a scroll of revelation
 K - a scroll of immolation {!r}
Potions
 b - 3 potions of magic
 g - a potion of attraction {unknown}
 i - 3 potions of mutation {!q}
 k - a potion of cancellation {unknown}
 l - a potion of berserk rage {unknown}
 m - 3 potions of curing {@q1}
 o - 2 potions of brilliance {unknown}
 p - a potion of haste {@q3}
 r - 2 potions of heal wounds {unknown}
 z - a potion of ambrosia {unknown}
 B - 2 potions of resistance {unknown}
 F - 5 potions of might {unknown}
 J - a potion of lignification {unknown}
 L - 4 potions of enlightenment

Dungeon Overview and Level Annotations

Branches:
Dungeon (6/15)             Temple (0/1) D:4           Sewer (visited)
Ossuary (visited)

▒...▒▒▒▒▒▒▒...▒▒▒
▒........▒▒....▒▒▒
▒▒▒▒▒▒▒▒..▒.▒▒....
▒▒.......... ▒▒▒▒
▒▒..▒▒▒▒▒.. ▒▒...▒
▒▒▒▒.▒▒ ▒▒
▒▒.....▒▒▒▒....▒
▒.....).▒▒..▒▒▒▒
▒......p▒..▒▒
▒.......y.▒▒
▒▒.....▒▒▒▒
▒...... ▒......
▒...... ▒▒.....
▒▒...▒


You could see a killer bee.


Message History

The hornet stings you!
* * * LOW HITPOINT WARNING * * *
You feel as though you will be slow longer.
Your fulminant prism explodes!
The blast of energy engulfs the hornet!
You kill the hornet!
You hear an angry buzzing noise.
Your Conjurations skill increases to level 9!
Unknown command.
You start resting.
A killer bee comes into view.
The killer bee moves out of view.
You start resting.
A killer bee is nearby!
The killer bee attacks as you move away!
The killer bee stings you but does no damage.
The killer bee barely misses you. The killer bee closely misses you.
Aiming: Searing Ray (safe; 1% risk of failure)
Press: ? - help, Shift-Dir - straight line, f - killer bee
Aim: a killer bee (65% to hit)
The searing ray misses the killer bee. (Press . to maintain the ray.)
The killer bee stings you.
* * * LOW HITPOINT WARNING * * *
You are lethally poisoned!
The killer bee poisons you!
The killer bee stings you but does no damage.
The killer bee stings you.
You die...

Action                     |  1- 3 |  4- 6 |  7- 9 || total
---------------------------+-------+-------+-------++-------
  Melee: Dagger            |     1 |       |       ||     1
         Mace              |       |    18 |       ||    18
         Whip              |       |       |    90 ||    90
   Cast: Magic Dart        |    99 |    83 |    52 ||   234
         Searing Ray       |     1 |    17 |    33 ||    51
         Fulminant Prism   |       |       |     3 ||     3
         Iskenderun's Myst |       |       |     1 ||     1
  Evoke: Wand              |       |       |     5 ||     5
    Use: Scroll            |       |       |    12 ||    12
         Potion            |       |       |     5 ||     5
   Stab: Distracted        |       |     1 |       ||     1
 Armour: Robe              |     1 |    13 |    60 ||    74
         Leather armour    |       |       |    22 ||    22
  Dodge: Dodged            |     8 |    53 |   126 ||   187

Levels and vault maps discovered:
D:1:      scummos_arrival_simple_crosswalls, layout_basic
D:2:      layout_loops_ring, columned_hall_lemuel, minmay_hexomino_f4
D:3:      layout_rooms, nzn_hepliaklqana_mist_gate, minmay_crystal_water,
          minmay_diced_spiral
D:4:      layout_loops_ring, lemuel_round_altar, old_standard_altar,
          temple_statues, dreamdust_princess_corridor, sigmund_army
D:5:      layout_basic
D:6:      layout_rooms, cheibrodos_sewer_entry_bend, enter_ossuary_3,
          lemuel_flamethrower_1

Notes
Turn   | Place    | Note
-------+----------+-------------------------------------------
     0 | D:1      | sanka the Demigod Conjurer began the quest for the Orb.
     0 | D:1      | Reached XP level 1. HP: 14/14 MP: 5/5
   124 | D:1      | Reached skill level 2 in Spellcasting
   522 | D:1      | Reached skill level 4 in Conjurations
   522 | D:1      | Reached XP level 2. HP: 20/20 MP: 5/7
   951 | D:2      | HP: 1/20 [gnoll/+0 whip (6)]
  1028 | D:2      | Reached XP level 3. HP: 24/26 MP: 3/8
  1073 | D:2      | Learned a level 2 spell: Searing Ray
  2008 | D:3      | Reached skill level 5 in Conjurations
  2263 | D:3      | Reached XP level 4. HP: 33/33 MP: 4/9
  3244 | D:4      | Reached XP level 5. HP: 38/38 MP: 0/10
  3344 | D:4      | Reached skill level 6 in Conjurations
  3344 | D:4      | Reached skill level 1 in Fighting
  3493 | D:4      | Found a staircase to the Ecumenical Temple.
  3554 | D:4      | Reached skill level 2 in Fighting
  4364 | D:5      | Entered Level 5 of the Dungeon
  4373 | D:5      | Reached XP level 6. HP: 43/50 MP: 2/11
  4374 | D:5      | Reached skill level 3 in Fighting
  4631 | D:5      | Reached skill level 4 in Fighting
  4804 | D:5      | Noticed a hornet
  4939 | D:5      | Reached XP level 7. HP: 59/59 MP: 10/14
  5165 | D:5      | Reached skill level 3 in Spellcasting
  5594 | D:6      | Reached skill level 7 in Conjurations
  5598 | D:6      | Found a sand-covered staircase.
  5606 | D:6      | Reached skill level 4 in Spellcasting
  5618 | Ossuary  | Entered an ossuary
  5730 | Ossuary  | Reached XP level 8. HP: 37/66 MP: 3/18
  5801 | Ossuary  | Learned a level 4 spell: Fulminant Prism
  5806 | Ossuary  | Learned a level 4 spell: Iskenderun's Mystic Blast
  5993 | Ossuary  | Noticed a silent spectre
  6050 | D:6      | Found a glowing drain.
  6059 | Sewer    | Entered a sewer
  6063 | Sewer    | Identified a scroll of acquirement
  6064 | Sewer    | Acquired the +1 helmet of Amorality {Int+3}
  6196 | Sewer    | Reached skill level 5 in Spellcasting
  6578 | Sewer    | Reached skill level 8 in Conjurations
  6927 | D:6      | Identified the +0 leather armour of the Farmer {Will++
                  | Slay+2}
  7192 | D:6      | Paralysed by a hornet for 3 turns
  7202 | D:6      | HP: 6/66 [hornet (4)]
  7206 | D:6      | Killed a hornet
  7207 | D:6      | Reached skill level 9 in Conjurations
  7211 | D:6      | HP: 4/66 [killer bee (5)]
  7211 | D:6      | Slain by a killer bee

Vanquished Creatures
  A hornet (D:6)
  A sky beast (D:6)
  A black bear (D:6)
  2 ogres (D:6)
  A centaur (D:6)
  2 phantoms (D:5)
  3 bullfrogs
  2 scorpions (D:5)
  A water moccasin zombie (Ossuary)
  A wight (Ossuary)
  A killer bee (D:6)
  A bullfrog zombie (Ossuary)
  A centaur zombie (Ossuary)
  5 hounds
  An orc priest (D:4)
  2 iguanas
  An orc wizard (D:4)
  2 scorpion zombies (Ossuary)
  An ogre zombie (Ossuary)
  11 adders
  A gnoll (D:2)
  4 river rats (Sewer)
  An ufetubus (D:5)
  3 adder zombies (Ossuary)
  3 worms
  A dart slug (D:4)
  11 orcs
  10 endoplasms
  3 giant cockroaches
  4 gnoll zombies (Ossuary)
  7 goblins
  18 hobgoblins
  6 jackals
  5 quokkas
  14 ball pythons
  5 bats
  5 frilled lizards
  A goblin zombie (Ossuary)
  5 hobgoblin zombies (Ossuary)
  7 kobolds
  3 orc zombies (Ossuary)
  7 rats
165 creatures vanquished.

Vanquished Creatures (others)
  3 fulminant prisms
3 creatures vanquished.

Grand Total: 168 creatures vanquished
